[Event "Titled Tuesday Blitz February 28 Late 2023"]
[White "Kleiman, Jake"]
[Black "Bjelobrk, Igor"]
[WhiteFideId "2020041"]
[BlackFideId "4300726"]
[WhiteElo "2499"]
[BlackElo "2335"]
[Result "0-1"]
[Round "06"]
[TimeControl "180+2"]
[Date "2023.02.28"]
[WhiteClock "0:00:10"]
[BlackClock "0:00:05"]

1. e4 e6 2. d3 c5 3. Qe2 d6 4. Nf3 b6 5. g3 Bb7 6. Bg2 Nf6 7. O-O Be7 8. a4 a6 9. Na3 O-O 10. Nc4 b5 11. axb5 axb5 12. Rxa8 Bxa8 13. Nxd6 Bxd6 14. e5 Be7 15. exf6 Bxf6 16. Be3 Qc8 17. c3 Rd8 18. Ra1 Nd7 19. h4 Bd5 20. d4 c4 21. Nd2 Nb6 22. Bxd5 Nxd5 23. Ne4 Be7 24. Ra7 Qb8 25. Ra1 Qb7 26. Nd2 Ra8 27. Rxa8+ Qxa8 28. Nf3 h6 29. Ne5 Bd6 30. Nd7 Qa7 31. Nc5 Nxe3 32. Qxe3 Qa1+ 33. Kg2 Qa8+ 34. Kg1 Qd5 35. Ne4 Be7 36. Kh2 b4 37. Nd2 Bd6 38. Qe2 bxc3 39. bxc3 Qb5 40. Qxc4 Qf5 41. Kg2 Qc2 42. Nf3 Ba3 43. Qc8+ Kh7 44. Qd7 Qe4 45. Qxf7 Bb2 46. Qf4 Qxf4 47. gxf4 Bxc3 48. Kf1 Kg6 49. Ke2 Kf5 50. Kd3 Bb4 51. Ke3 Bd6 52. Kd3 Bxf4 53. Kc4 Kg4 54. Ne1 Kxh4 55. Kd3 Kg4 56. Ke2 h5 57. Kf1 h4 58. Kg2 h3+ 59. Kh1 g5 60. Nd3 Kf5 61. Ne1 g4 62. Nd3 Bg5 63. Nc5 Bf6 64. Nb3 Ke4 65. Kh2 Bxd4 66. f3+ gxf3 67. Kxh3 Be3 68. Kg3 e5 69. Na1 Bc5 70. Nc2 Be7 71. Ne1 f2 72. Kxf2 Bh4+ 73. Ke2 Bxe1 74. Kxe1 Ke3 0-1


[Site "https://www.chess.com"]

[Event "Titled Tuesday Blitz February 28 Late 2023"]
[White "Diaz Perez, Michel Alejandro"]
[Black "Kleinman, Michael"]
[WhiteFideId "3517179"]
[BlackFideId "2609479"]
[WhiteElo "2333"]
[BlackElo "2287"]
[Result "1-0"]
[Round "06"]
[TimeControl "180+2"]
[Date "2023.02.28"]
[WhiteClock "0:00:14"]
[BlackClock "0:00:02"]

1. Nf3 c5 2. c4 Nc6 3. Nc3 Nf6 4. e3 e6 5. d4 d5 6. cxd5 exd5 7. Bb5 Bd7 8. O-O cxd4 9. Nxd4 Be7 10. b3 O-O 11. Bb2 Rc8 12. Nce2 Ne4 13. Rc1 Bd6 14. Bxc6 bxc6 15. Nf3 Qe7 16. Qd4 Nf6 17. Ng3 c5 18. Qh4 Be6 19. Rfd1 Rfd8 20. Bxf6 Qxf6 21. Qxf6 gxf6 22. Nh5 Be7 23. h3 a5 24. Nh2 a4 25. Ng4 axb3 26. axb3 Rb8 27. Ngxf6+ Bxf6 28. Nxf6+ Kg7 29. Nh5+ Kh6 30. Nf4 Rb5 31. Rc3 d4 32. exd4 Rxd4 33. Rxd4 cxd4 34. Rd3 Rxb3 35. Rxd4 Rb6 36. Kh2 Kg7 37. Ra4 Bf5 38. f3 Bg6 39. h4 h6 40. h5 Bh7 41. Ra5 Rd6 42. g4 Rc6 43. Kg3 Rb6 44. Nd5 Rd6 45. Ne3 Rd3 46. Nf5+ Bxf5 47. Rxf5 Rd6 48. Kf4 Ra6 49. Rd5 Ra4+ 50. Kf5 Ra6 51. f4 Rf6+ 52. Ke4 Re6+ 53. Re5 Ra6 54. g5 hxg5 55. fxg5 Ra4+ 56. Kf5 Ra7 57. h6+ Kg8 58. Re8+ Kh7 59. Kf6 Ra6+ 60. Kxf7 Ra7+ 61. Re7 Ra6 62. Kf8+ Kg6 63. Rg7+ Kh5 64. h7 Ra8+ 65. Kf7 Rh8 66. g6 Kh6 67. Rg8 Rxh7+ 68. gxh7 Kxh7 69. Rg6 Kh8 70. Rh6# 1-0


[Site "https://www.chess.com"]

[Event "Titled Tuesday Blitz February 28 Late 2023"]
[White "Melikyan, Gnel"]
[Black "Drnovsek, Gal"]
[WhiteFideId "54109990"]
[BlackFideId "14607077"]
[WhiteElo "2138"]
[BlackElo "2293"]
[Result "0-1"]
[Round "06"]
[TimeControl "180+2"]
[Date "2023.02.28"]
[WhiteClock "0:00:11"]
[BlackClock "0:00:09"]

1. Nf3 g6 2. h4 Nf6 3. c4 Bg7 4. Nc3 d6 5. d4 h6 6. g3 Bf5 7. Qb3 Qc8 8. Bg2 Nc6 9. d5 Nd8 10. Nd4 Bd7 11. e3 c5 12. dxc6 bxc6 13. Bd2 O-O 14. Rc1 e5 15. Nde2 Ne6 16. Qa3 Nc5 17. Na4 Nfe4 18. Nxc5 Nxc5 19. Bb4 Bg4 20. Bxc5 dxc5 21. Nc3 Rd8 22. Qa4 Rb8 23. b3 e4 24. O-O f5 25. Qa5 Bf8 26. Na4 g5 27. hxg5 hxg5 28. f3 exf3 29. Bxf3 Bh3 30. Bg2 Bxg2 31. Kxg2 Qe6 32. Qc3 Qe4+ 33. Kg1 Rd3 34. Qc2 Qxe3+ 35. Qf2 Qxg3+ 36. Qxg3 Rxg3+ 37. Kh2 f4 38. Rg1 Rxg1 39. Rxg1 Be7 40. Nc3 Kf7 41. Ne4 Rh8+ 42. Kg2 g4 43. Rf1 f3+ 44. Kg3 Rg8 45. Rd1 Ke6 46. Re1 Kf5 47. Kf2 Bh4+ 48. Ng3+ Bxg3+ 49. Kxg3 Rh8 50. Re7 Rh3+ 51. Kf2 Rh2+ 52. Ke3 Re2+ 0-1


[Site "https://www.chess.com"]

[Event "Titled Tuesday Blitz February 28 Late 2023"]
[White "Petrovic, Aleksa"]
[Black "Yang, Qindong"]
[WhiteFideId "967629"]
[BlackFideId "8603758"]
[WhiteElo "2304"]
[BlackElo "2090"]
[Result "1-0"]
[Round "06"]
[TimeControl "180+2"]
[Date "2023.02.28"]
[WhiteClock "0:00:49"]
[BlackClock "0:00:01"]

1. d4 Nf6 2. c4 e6 3. Nf3 Bb4+ 4. Bd2 a5 5. g3 d6 6. Bg2 Nbd7 7. O-O e5 8. e3 O-O 9. Bc1 a4 10. a3 Ba5 11. Qxa4 e4 12. Nfd2 Bxd2 13. Qxa8 Nb6 14. Qa7 Bxc1 15. Rxc1 Ng4 16. Nd2 f5 17. c5 dxc5 18. Rxc5 c6 19. Qa5 Be6 20. Bh3 h5 21. Bxg4 hxg4 22. Rac1 Rf6 23. Re5 Bd5 24. Nc4 Bxc4 25. Rxc4 Rf8 26. Rb4 Nd5 27. Qxd8 1-0


[Site "https://www.chess.com"]

[Event "Titled Tuesday Blitz February 28 Late 2023"]
[White "Dzida, Kamil"]
[Black "Thomforde-Toates, Noah"]
[WhiteFideId "21828652"]
[BlackFideId "30951992"]
[WhiteElo "2139"]
[BlackElo "2630"]
[Result "1-0"]
[Round "06"]
[TimeControl "180+2"]
[Date "2023.02.28"]
[WhiteClock "0:01:21"]
[BlackClock "0:00:11"]

1. e4 c5 2. Nf3 g6 3. d4 cxd4 4. Qxd4 Nf6 5. Nc3 Nc6 6. Qa4 d6 7. e5 dxe5 8. Nxe5 Bd7 9. Nxd7 Nxd7 10. Bb5 Bg7 11. Bd2 O-O 12. Bxc6 Nb6 13. Qe4 bxc6 14. O-O-O Qc7 15. h4 Qe5 16. h5 Qxe4 17. Nxe4 Nd5 18. c4 Nf6 19. Nxf6+ Bxf6 20. Be3 a5 21. Kc2 Rab8 22. b3 a4 23. Rd7 axb3+ 24. axb3 Ra8 25. Ba7 Rfd8 26. Rhd1 Rxd7 27. Rxd7 gxh5 28. b4 Kf8 29. Be3 Ke8 30. Rc7 Ra6 31. Kb3 Kd8 32. Rb7 Kc8 33. Ra7 Rxa7 34. Bxa7 e5 35. b5 cxb5 36. cxb5 Kb7 37. Be3 Bd8 38. Kc4 f5 39. f3 f4 40. Bg1 e4 41. fxe4 f3 42. gxf3 h4 43. Kd5 h3 44. Bh2 h5 45. f4 h4 46. f5 Kb6 47. e5 Kxb5 48. f6 Kb4 49. Ke6 Kc5 50. f7 1-0


[Site "https://www.chess.com"]

[Event "Titled Tuesday Blitz February 28 Late 2023"]
[White "Mujumdar, Sameer"]
[Black "Gunduz, Umut Erdem"]
[WhiteFideId "2029707"]
[BlackFideId "6381383"]
[WhiteElo "2104"]
[BlackElo "2182"]
[Result "0-1"]
[Round "06"]
[TimeControl "180+2"]
[Date "2023.02.28"]
[WhiteClock "0:00:45"]
[BlackClock "0:01:59"]

1. Nf3 Nf6 2. c4 c5 3. Nc3 Nc6 4. e3 e6 5. d4 d5 6. Bd3 dxc4 7. Bxc4 cxd4 8. exd4 Be7 9. O-O O-O 10. Re1 a6 11. Bg5 b5 12. Bb3 Na5 13. Bc2 Bb7 14. Qd3 g6 15. Rad1 Nc4 16. Rb1 Rc8 17. Ne5 Nd5 18. Bxe7 Qxe7 19. Nxc4 Nb4 20. Qd2 Nxc2 21. Qxc2 Rxc4 22. Rbd1 Rd8 23. Qd2 Qh4 24. Ne2 Qg4 25. Ng3 Rcxd4 0-1


[Site "https://www.chess.com"]

[Event "Titled Tuesday Blitz February 28 Late 2023"]
[White "Mortazavi, Ali"]
[Black "Fiorito, Joaquin"]
[WhiteFideId "401323"]
[BlackFideId "180173"]
[WhiteElo "2339"]
[BlackElo "2157"]
[Result "0-1"]
[Round "06"]
[TimeControl "180+2"]
[Date "2023.02.28"]
[WhiteClock "0:00:01"]
[BlackClock "0:00:27"]

1. Nf3 d5 2. g3 Nf6 3. Bg2 Bf5 4. O-O e6 5. d3 Nc6 6. c4 dxc4 7. dxc4 Qxd1 8. Rxd1 Bc2 9. Rf1 O-O-O 10. a3 Bc5 11. b4 Bd4 12. Nxd4 Nxd4 13. Nc3 h6 14. Bf4 a6 15. b5 a5 16. e3 Nb3 17. b6 c6 18. Ra2 Bd3 19. Rb2 Bxf1 20. Kxf1 Nd2+ 21. Ke2 Nxc4 22. Rc2 e5 23. Nb5 exf4 24. Rxc4 Kb8 25. Nd4 fxe3 26. fxe3 Rhe8 27. Bxc6 Rxd4 28. Rxd4 bxc6 29. Ra4 Re5 30. Rd4 Kb7 31. Rd8 Kxb6 32. Rf8 Re7 33. Kd3 g6 34. h3 h5 35. Kd4 Nd7 36. Rd8 Ne5 37. Rb8+ Kc7 38. Ra8 Nd7 39. Rxa5 Nb6 40. Ra7+ Kd6 41. Rxe7 Kxe7 42. Kc5 Nd5 43. e4 Nc3 44. Kxc6 Nxe4 45. a4 Nd6 46. a5 Nc8 47. Kb7 Kd8 0-1


[Site "https://www.chess.com"]

[Event "Titled Tuesday Blitz February 28 Late 2023"]
[White "Seletsky, Grigory"]
[Black "Plenca, Jadranko"]
[WhiteFideId "14112191"]
[BlackFideId "14527146"]
[WhiteElo "2490"]
[BlackElo "2491"]
[Result "0-1"]
[Round "06"]
[TimeControl "180+2"]
[Date "2023.02.28"]
[WhiteClock "0:01:11"]
[BlackClock "0:00:46"]

1. d4 d5 2. c4 e6 3. Nc3 Be7 4. cxd5 exd5 5. Bf4 c6 6. e3 Bf5 7. Bd3 Bxd3 8. Qxd3 Nf6 9. Nf3 O-O 10. h3 Bd6 11. Bxd6 Qxd6 12. O-O Nbd7 13. Rab1 a5 14. a3 b5 15. Rfc1 a4 16. Qc2 Nb6 17. Na2 Nc4 18. Nb4 Rfe8 19. Nd3 Ne4 20. Nfe5 Ncd2 21. Ra1 Nb3 22. Rab1 Nxc1 23. Rxc1 Rac8 24. Nxc6 Kh8 25. Ndb4 f5 26. Qd3 f4 27. Qxb5 fxe3 28. fxe3 Qg3 29. Qe2 Rf8 30. Nd3 Rf6 31. Qg4 Qxg4 32. hxg4 Rfxc6 0-1


[Site "https://www.chess.com"]

[Event "Titled Tuesday Blitz February 28 Late 2023"]
[White "Gubajdullin, Alexei"]
[Black "Ramirez Allo, Eduardo"]
[WhiteFideId "4141202"]
[BlackFideId "2224178"]
[WhiteElo "2285"]
[BlackElo "2458"]
[Result "0-1"]
[Round "06"]
[TimeControl "180+2"]
[Date "2023.02.28"]
[WhiteClock "0:00:15"]
[BlackClock "0:00:26"]

1. d4 Nf6 2. Nf3 g6 3. Bf4 Bg7 4. e3 O-O 5. Be2 d6 6. O-O Nbd7 7. h3 c5 8. c3 b6 9. a4 a6 10. Bh2 Bb7 11. Qb3 Qc7 12. Rd1 Ne4 13. d5 Nef6 14. c4 Bc8 15. Nc3 Qb7 16. e4 Ne8 17. Re1 Nc7 18. Bd3 f6 19. h4 Ne5 20. Nxe5 fxe5 21. Qd1 h5 22. Ra3 Bd7 23. Be2 b5 24. cxb5 axb5 25. axb5 Nxb5 26. Nxb5 Bxb5 27. Rb3 Bxe2 28. Rxb7 Bxd1 29. Rxd1 Bf6 30. Bg3 Rfb8 31. Rxb8+ Rxb8 32. Rd2 Kf7 33. f3 e6 34. dxe6+ Kxe6 35. Be1 Rb3 36. Kf1 Bd8 37. Rc2 Kd7 38. Ke2 Kc6 39. g3 Kb5 40. Bc3 c4 41. Rd2 Kc5 42. Rd5+ Kc6 43. Kf2 Bb6+ 44. Kg2 Bd4 45. Bxd4 exd4 46. Rxd4 Rxb2+ 47. Kh3 Rc2 48. f4 c3 49. Rc4+ Kb5 50. Rc8 Kb4 51. f5 gxf5 52. exf5 Rf2 53. g4 Rf3+ 54. Kg2 hxg4 55. Rf8 c2 56. Rc8 Kb3 57. Rb8+ Kc3 58. Rc8+ Kd2 59. h5 c1=Q 60. Rxc1 Kxc1 61. h6 Rxf5 62. h7 Rh5 63. h8=Q Rxh8 64. Kg3 Re8 65. Kxg4 d5 66. Kf5 d4 67. Kf6 d3 68. Kf7 d2 69. Kxe8 d1=Q 70. Ke7 Qd4 71. Ke6 Kd2 72. Ke7 Ke3 73. Kf7 Ke4 74. Ke6 Qc5 75. Kd7 Qb6 76. Ke8 Qc7 77. Kf8 Qd7 78. Kg8 Qe7 79. Kh8 Kf5 80. Kg8 Kg6 81. Kh8 Qg7# 0-1


[Site "https://www.chess.com"]

[Event "Titled Tuesday Blitz February 28 Late 2023"]
[White "Colas, Joshua"]
[Black "Wartiovaara, Oliver"]
[WhiteFideId "2044447"]
[BlackFideId "513024"]
[WhiteElo "2347"]
[BlackElo "2214"]
[Result "0-1"]
[Round "06"]
[TimeControl "180+2"]
[Date "2023.02.28"]
[WhiteClock "0:00:07"]
[BlackClock "0:00:06"]

1. c4 g6 2. Nf3 Bg7 3. g3 e6 4. Bg2 Ne7 5. O-O O-O 6. d4 Nbc6 7. d5 Ne5 8. Nxe5 Bxe5 9. Nc3 d6 10. Bg5 Bxc3 11. bxc3 e5 12. Bf6 Qd7 13. e4 h6 14. Qd2 Kh7 15. f4 exf4 16. gxf4 Ng8 17. Bd4 c5 18. dxc6 bxc6 19. f5 g5 20. f6 c5 21. e5 Bb7 22. e6 fxe6 23. Qd3+ Kh8 24. Be5 Rf7 25. Qxd6 Qxd6 26. Bxd6 Bxg2 27. Kxg2 Nxf6 28. Bxc5 Kg7 29. Bd4 Kg6 30. Rae1 Re8 31. Re5 Nd7 32. Rxf7 Nxe5 33. Rc7 Nd3 34. Kf3 e5 35. Bxa7 e4+ 36. Ke3 Nf4 37. Bd4 Ng2+ 38. Kf2 Nf4 39. c5 e3+ 40. Bxe3 Rxe3 41. Kxe3 Nd5+ 42. Kd4 Nxc7 43. Ke5 g4 44. c4 h5 45. c6 h4 46. Kd6 Na6 47. c7 Nxc7 48. Kxc7 g3 49. hxg3 hxg3 50. c5 g2 51. c6 g1=Q 52. Kb7 Qb1+ 53. Kc8 Kf7 54. c7 Ke7 55. a4 Kd6 56. Kd8 Qb6 0-1


[Site "https://www.chess.com"]

[Event "Titled Tuesday Blitz February 28 Late 2023"]
[White "Jovic, Stanoje"]
[Black "Risteski, Emil"]
[WhiteFideId "905020"]
[BlackFideId "15005267"]
[WhiteElo "2236"]
[BlackElo "2251"]
[Result "1-0"]
[Round "06"]
[TimeControl "180+2"]
[Date "2023.02.28"]
[WhiteClock "0:00:34"]
[BlackClock "0:00:18"]

1. c4 Nc6 2. g3 e5 3. Bg2 h5 4. h3 Bc5 5. Nc3 a6 6. Nf3 Ba7 7. e3 d6 8. d4 h4 9. g4 Nge7 10. b4 exd4 11. exd4 Nxb4 12. Qa4+ Nbc6 13. d5 b5 14. cxb5 Ne5 15. Nxe5 dxe5 16. d6 cxd6 17. Bxa8 O-O 18. Bg5 f6 19. Qb3+ Kh8 20. Bxh4 Bd4 21. Rd1 Qa5 22. Rd3 axb5 23. Bg2 b4 24. Ne2 Bc5 25. O-O Ba6 26. Rd2 d5 27. Ng3 Bc4 28. Qc2 Rc8 29. Nf5 Bxf1 30. Kxf1 Nxf5 31. Qxf5 Rd8 32. Qh5+ Kg8 33. Bxd5+ Rxd5 34. Rxd5 Bf8 35. Rxa5 1-0


[Site "https://www.chess.com"]

[Event "Titled Tuesday Blitz February 28 Late 2023"]
[White "Saveliev, Alexei"]
[Black "Kovalevsky, Stanislav"]
[WhiteFideId "24128546"]
[BlackFideId "13508598"]
[WhiteElo "2271"]
[BlackElo "2220"]
[Result "1-0"]
[Round "06"]
[TimeControl "180+2"]
[Date "2023.02.28"]
[WhiteClock "0:01:29"]
[BlackClock "0:01:06"]

1. c4 e6 2. Nc3 d5 3. cxd5 exd5 4. d4 Nf6 5. Nf3 Be7 6. Bg5 Ne4 7. Bxe7 Kxe7 8. e3 Nxc3 9. bxc3 c6 10. Bd3 Be6 11. Qc2 h6 12. O-O Re8 13. Rab1 Qc7 14. e4 dxe4 15. Bxe4 Nd7 16. Rfe1 Kf8 17. h3 Nb6 18. Bd3 Nc4 19. Ne5 Na3 20. Qd2 Nxb1 21. Bxb1 Rad8 22. Qf4 Kg8 23. Qe4 f6 24. Qh7+ Kf8 25. Qh8+ Bg8 26. Bh7 Qf7 27. Ng6+ Qxg6 28. Qxg8# 1-0


[Site "https://www.chess.com"]

[Event "Titled Tuesday Blitz February 28 Late 2023"]
[White "Sebag, Marie"]
[Black "Lopez Del Alamo, Antonio"]
[WhiteFideId "617822"]
[BlackFideId "2227339"]
[WhiteElo "2440"]
[BlackElo "2175"]
[Result "1-0"]
[Round "06"]
[TimeControl "180+2"]
[Date "2023.02.28"]
[WhiteClock "0:01:10"]
[BlackClock "0:00:24"]

1. e4 c5 2. Nf3 e6 3. d4 cxd4 4. Nxd4 Nf6 5. Nc3 Nc6 6. Ndb5 d6 7. Bf4 e5 8. Bg5 a6 9. Na3 b5 10. Nd5 Be7 11. Bxf6 Bxf6 12. c4 b4 13. Nc2 Rb8 14. g3 O-O 15. h4 a5 16. Bh3 Be6 17. Kf1 Be7 18. Kg2 Qd7 19. b3 Bd8 20. Qd3 Kh8 21. Rad1 Qa7 22. Nde3 Bc7 23. Nf5 Rbd8 24. h5 Bb6 25. Qd2 Bc5 26. Nxg7 Bxh3+ 27. Rxh3 Rg8 28. Nf5 Ne7 29. Nce3 Nc6 30. Nh6 Rgf8 31. Nef5 f6 32. Rh4 a4 33. Rg4 axb3 34. axb3 Rd7 35. Qd5 Qa2 36. Rg8+ Rxg8 37. Qxg8# 1-0


[Site "https://www.chess.com"]

[Event "Titled Tuesday Blitz February 28 Late 2023"]
[White "Gadimbayli, Abdulla"]
[Black "Ansh M Shah"]
[WhiteFideId "13404938"]
[BlackFideId "25033379"]
[WhiteElo "2390"]
[BlackElo "2084"]
[Result "1-0"]
[Round "06"]
[TimeControl "180+2"]
[Date "2023.02.28"]
[WhiteClock "0:00:49"]
[BlackClock "0:00:15"]

1. Nf3 Nf6 2. g3 g6 3. Bg2 Bg7 4. O-O O-O 5. d4 d5 6. c4 c6 7. Nc3 dxc4 8. Ne5 Be6 9. e4 Nbd7 10. f4 Nxe5 11. fxe5 Nd7 12. Qe2 h5 13. Bg5 c5 14. d5 Bg4 15. Qxc4 Nxe5 16. Qxc5 Rc8 17. Qxe7 Qb6+ 18. Kh1 Qxb2 19. Na4 Qd4 20. Qa3 Rc4 21. Nb2 Rc3 22. Qa4 Nc4 23. Nxc4 Rxc4 24. Qb3 Rc3 25. Qxb7 Rc2 26. d6 Rxg2 27. Kxg2 Qxe4+ 28. Qxe4 1-0


[Site "https://www.chess.com"]

[Event "Titled Tuesday Blitz February 28 Late 2023"]
[White "Erzhanov, Arman"]
[Black "Sieciechowicz, Marcin"]
[WhiteFideId "4138821"]
[BlackFideId "1130170"]
[WhiteElo "2138"]
[BlackElo "2302"]
[Result "1/2-1/2"]
[Round "06"]
[TimeControl "180+2"]
[Date "2023.02.28"]
[WhiteClock "0:00:40"]
[BlackClock "0:00:09"]

1. e4 e5 2. Nf3 Nc6 3. Bb5 Nf6 4. O-O Nxe4 5. Re1 Nd6 6. Nxe5 Be7 7. Bf1 Nxe5 8. Rxe5 O-O 9. d4 Ne8 10. Re1 d5 11. Bd3 Nf6 12. h3 Be6 13. Nd2 c5 14. dxc5 Bxc5 15. Nb3 Bd6 16. c3 Bc7 17. Nd4 Qd6 18. Nf3 Rfe8 19. Bg5 Bd7 20. Bh4 Ne4 21. Bxe4 dxe4 22. Qxd6 Bxd6 23. Rad1 exf3 24. Rxe8+ Rxe8 25. Rxd6 Bc6 26. gxf3 Bxf3 27. Rd8 Rxd8 28. Bxd8 f6 29. Kh2 Kf7 30. Kg3 Bd5 31. a3 Ke6 32. Kf4 g5+ 33. Ke3 h5 34. f4 Kf5 35. fxg5 fxg5 36. h4 gxh4 37. Bxh4 Kg4 38. Bd8 h4 39. Kf2 h3 40. Bc7 Kf5 41. Bb8 a6 42. Ke3 Bg2 43. Bh2 Ke6 44. Kd4 Bc6 45. c4 Kf5 46. Ke3 Ba4 47. b4 Bb3 48. c5 Bd5 49. Bb8 Bc6 50. Bc7 Ke6 51. Bb8 Kd5 52. Kd3 Bb5+ 53. Ke3 Kc4 54. Bc7 Kb3 55. Kf3 Kxa3 56. Ba5 Kb3 57. Kg3 Bd7 58. Kh2 Kc4 59. Kg3 Kb5 60. Kh2 Bc8 61. Kg3 Be6 62. Kh2 Kc6 63. Kg3 Kb5 64. Kh2 Kc6 65. Kg3 b6 66. cxb6 Kb7 67. Kh2 Bd7 68. Kg3 Bc8 69. Kh2 Kc6 70. Kg3 Kb7 71. Kh2 Kc6 72. Kg3 Kb7 1/2-1/2


[Site "https://www.chess.com"]

[Event "Titled Tuesday Blitz February 28 Late 2023"]
[White "Papasimakopoulos, Alexandros"]
[Black "Molenda, Marcin"]
[WhiteFideId "4244125"]
[BlackFideId "1173065"]
[WhiteElo "2359"]
[BlackElo "2286"]
[Result "1-0"]
[Round "06"]
[TimeControl "180+2"]
[Date "2023.02.28"]
[WhiteClock "0:02:24"]
[BlackClock "0:02:07"]

1. d4 d5 2. c4 e6 3. Nc3 Nf6 4. cxd5 exd5 5. Bg5 c6 6. e3 Be7 7. Bd3 Nbd7 8. Qc2 h6 9. Bh4 Nh5 10. Bxe7 Qxe7 11. O-O-O Nb6 12. Nf3 Be6 13. Kb1 O-O-O 14. Ne5 Kb8 15. Rc1 Rc8 16. Na4 Nxa4 17. Qxa4 Nf6 18. Rc3 Nd7 19. Ra3 Nxe5 20. Qxa7+ Kc7 21. Qa5+ Kd7 22. dxe5 Qg5 23. Qb4 Rc7 24. Qd6+ 1-0


[Site "https://www.chess.com"]

[Event "Titled Tuesday Blitz February 28 Late 2023"]
[White "Martynov, Pavel"]
[Black "Petukhov, Dmitry"]
[WhiteFideId "4101260"]
[BlackFideId "4142748"]
[WhiteElo "2314"]
[BlackElo "2311"]
[Result "1-0"]
[Round "06"]
[TimeControl "180+2"]
[Date "2023.02.28"]
[WhiteClock "0:02:16"]
[BlackClock "0:01:15"]

1. e4 c5 2. Nf3 d6 3. Bb5+ Nc6 4. O-O Bd7 5. c3 a6 6. Bxc6 Bxc6 7. Re1 e5 8. d4 Qc7 9. Na3 Nf6 10. Nc4 Nxe4 11. d5 Bb5 12. Rxe4 f5 13. Rh4 Be7 14. Bg5 e4 15. Nfd2 Bxg5 16. Qh5+ g6 17. Qxg5 Qe7 18. Qxe7+ Kxe7 19. Re1 Bxc4 20. Nxc4 b5 21. Nd2 Kf6 22. f3 exf3 23. Re6+ Kg5 24. Nxf3# 1-0


[Site "https://www.chess.com"]

[Event "Titled Tuesday Blitz February 28 Late 2023"]
[White "Womacka, Mathias"]
[Black "Zhu, Jiner"]
[WhiteFideId "4611390"]
[BlackFideId "8608059"]
[WhiteElo "2377"]
[BlackElo "2384"]
[Result "0-1"]
[Round "06"]
[TimeControl "180+2"]
[Date "2023.02.28"]
[WhiteClock "0:00:31"]
[BlackClock "0:00:16"]

1. e4 e5 2. Nf3 Nc6 3. Bb5 a6 4. Bxc6 dxc6 5. O-O Bg4 6. h3 h5 7. d3 Qf6 8. Nbd2 Bd6 9. Re1 Ne7 10. d4 Ng6 11. hxg4 hxg4 12. Nh2 exd4 13. e5 Bxe5 14. Qxg4 Kf8 15. Ndf3 Re8 16. Bg5 Qd6 17. Nxe5 Nxe5 18. Qg3 f6 19. Bf4 Kf7 20. Nf3 Rh5 21. Bxe5 fxe5 22. Ng5+ Kg8 23. Re4 Qg6 24. Nh3 Qxe4 25. Rd1 Qxc2 26. Re1 Qf5 27. f3 c5 28. Re4 c4 29. Rg4 Re7 30. Nf2 c3 31. bxc3 dxc3 32. Rc4 Qb1+ 0-1


[Site "https://www.chess.com"]

[Event "Titled Tuesday Blitz February 28 Late 2023"]
[White "Gerzhoy, Leonid"]
[Black "Girsh, Daniel"]
[WhiteFideId "2806126"]
[BlackFideId "30949190"]
[WhiteElo "2619"]
[BlackElo "2075"]
[Result "1/2-1/2"]
[Round "06"]
[TimeControl "180+2"]
[Date "2023.02.28"]
[WhiteClock "0:00:09"]
[BlackClock "0:00:54"]

1. d4 d5 2. c4 c6 3. cxd5 cxd5 4. Nc3 Nc6 5. Nf3 Nf6 6. Bf4 a6 7. e3 Bg4 8. Be2 e6 9. O-O Be7 10. Rc1 O-O 11. Ne5 Bxe2 12. Qxe2 Nxe5 13. Bxe5 Nd7 14. Bg3 b5 15. a4 b4 16. Nb1 Qa5 17. Nd2 Rfc8 18. Nb3 Qxa4 19. Qd3 Qb5 20. Qxb5 axb5 21. Rxc8+ Rxc8 22. Ra1 Nb6 23. Ra7 Kf8 24. Nc5 Bxc5 25. dxc5 Na4 26. Bd6+ Kg8 27. c6 g5 28. c7 Nxb2 29. Rb7 Nc4 30. Bxb4 Kg7 31. g4 Kg6 32. Kg2 h5 33. h3 h4 34. Kf3 e5 35. Ke2 e4 36. Bc5 f6 37. Bd4 Nd6 38. Rb6 Ne8 39. Rxb5 Nxc7 40. Rc5 Kf7 41. Rc6 Ke8 42. Rxf6 Nb5 43. Rf5 Rc2+ 44. Kf1 Nxd4 45. exd4 Rd2 46. Rxd5 Kf7 47. Rxg5 Rxd4 48. Ke2 Rd3 49. Re5 Rxh3 50. Rxe4 Kg6 51. f4 Rg3 52. Re6+ Kf7 53. Rh6 Rxg4 54. Kf3 Rg3+ 55. Kf2 Rg4 56. Kf3 Rg3+ 57. Kf2 Ra3 58. Rxh4 Kf6 59. Rg4 Kf5 60. Rg3 Ra2+ 61. Kg1 Kxf4 62. Rg2 Ra1+ 63. Kh2 Kf3 64. Rg3+ Kf4 65. Rg2 Rb1 66. Rf2+ Kg4 67. Rg2+ Kh4 68. Rf2 Ra1 69. Rf4+ Kg5 70. Rf2 Ra3 71. Rg2+ Kf4 72. Rf2+ Kg4 73. Rg2+ Kh4 74. Rf2 Rc3 75. Kg2 Rg3+ 76. Kh2 Ra3 77. Kg2 Kg5 78. Kh2 Kg4 79. Kg2 Rc3 80. Kh2 Rd3 81. Kg2 Re3 82. Kh2 Rg3 83. Rg2 Rxg2+ 84. Kxg2 1/2-1/2


[Site "https://www.chess.com"]

[Event "Titled Tuesday Blitz February 28 Late 2023"]
[White "Golubev, Mikhail"]
[Black "Sielecki, Christof"]
[WhiteFideId "14100983"]
[BlackFideId "4620437"]
[WhiteElo "2374"]
[BlackElo "2443"]
[Result "1-0"]
[Round "06"]
[TimeControl "180+2"]
[Date "2023.02.28"]
[WhiteClock "0:00:22"]
[BlackClock "0:00:45"]

1. e4 c5 2. Ne2 a6 3. Nbc3 b5 4. d4 cxd4 5. Nxd4 e6 6. Bd3 Qb6 7. Be3 Bc5 8. Be2 Nc6 9. Nxc6 Bxe3 10. fxe3 dxc6 11. Qd4 Qxd4 12. exd4 e5 13. d5 Bb7 14. dxc6 Bxc6 15. a4 b4 16. Nd5 Bxd5 17. exd5 Nf6 18. O-O-O Ne4 19. Rhe1 Nd6 20. Bh5 e4 21. Rd4 a5 22. Rexe4+ Nxe4 23. Rxe4+ Kf8 24. d6 Rd8 25. Rd4 g6 26. Be2 Kg7 27. Bb5 Kf6 28. d7 Ke5 29. Rd2 h5 30. c4 bxc3 31. bxc3 h4 32. c4 h3 33. g4 Rh4 34. c5 1-0


[Site "https://www.chess.com"]

[Event "Titled Tuesday Blitz February 28 Late 2023"]
[White "Blomqvist, Erik"]
[Black "Mazurkiewicz, Michal"]
[WhiteFideId "1709437"]
[BlackFideId "1124943"]
[WhiteElo "2436"]
[BlackElo "2054"]
[Result "1-0"]
[Round "06"]
[TimeControl "180+2"]
[Date "2023.02.28"]
[WhiteClock "0:00:12"]
[BlackClock "0:00:01"]

1. e4 d6 2. d4 Nf6 3. Nc3 c6 4. Nf3 Bg4 5. h3 Bh5 6. Qe2 e6 7. g4 Bg6 8. g5 Nfd7 9. d5 cxd5 10. exd5 e5 11. Nh4 Be7 12. Nxg6 hxg6 13. h4 Na6 14. Be3 Qa5 15. Qb5 Qxb5 16. Nxb5 Kd8 17. Nxa7 Nb4 18. O-O-O Nxa2+ 19. Kb1 Nb4 20. c3 Na6 21. Bxa6 bxa6 22. Nc6+ Ke8 23. Kc2 f5 24. gxf6 Nxf6 25. Bg5 Nxd5 26. Nxe7 Nxe7 27. Rxd6 Nf5 28. Rxg6 Kf7 29. Rb6 Rac8 30. Rxa6 Nd4+ 31. Kd3 Nf3 32. Rha1 Nxg5 33. hxg5 Rh4 34. g6+ Kf8 35. Ke3 Ke7 36. Rb6 Rd8 37. Ra7+ Rd7 38. Rxd7+ Kxd7 39. Rb7+ Ke6 40. Rxg7 Kf6 41. Rg8 Rh1 42. b4 Rc1 43. Kd3 e4+ 44. Kd4 Rc2 45. b5 Rxf2 46. Kxe4 Rb2 47. c4 Rc2 48. Kd5 Rd2+ 49. Kc6 Rc2 50. c5 1-0


[Site "https://www.chess.com"]

[Event "Titled Tuesday Blitz February 28 Late 2023"]
[White "Rottenwohrer Suarez, Juan"]
[Black "Paszewski, Mateusz"]
[WhiteFideId "32068182"]
[BlackFideId "1141058"]
[WhiteElo "2174"]
[BlackElo "2223"]
[Result "1-0"]
[Round "06"]
[TimeControl "180+2"]
[Date "2023.02.28"]
[WhiteClock "0:00:51"]
[BlackClock "0:00:02"]

1. c4 c6 2. d4 d5 3. cxd5 cxd5 4. Nc3 Nf6 5. Nf3 Nc6 6. Bf4 Nh5 7. Bg5 h6 8. Bh4 g5 9. Bg3 Nxg3 10. hxg3 Bg7 11. e3 e6 12. Bd3 Bd7 13. a3 Rc8 14. O-O O-O 15. Rc1 Na5 16. Bb1 Nc4 17. Qd3 f5 18. Qe2 Qb6 19. Bd3 Nxb2 20. Rb1 Rxc3 21. Rxb2 Qc7 22. Rfb1 b6 23. Rb3 Rc8 24. Nd2 Ba4 25. Rb4 Rxa3 26. g4 fxg4 27. Bg6 g3 28. Qg4 gxf2+ 29. Kxf2 Qe7 30. Nf3 Qf6 31. Qh5 Rcc3 32. Re1 Bd7 33. Rb2 Ra4 34. Kg1 Raa3 35. Ne5 Rxe3 36. Rf1 Qe7 37. Bf7+ 1-0


[Site "https://www.chess.com"]